General information
- name: BNet
- type: Ladder team game (AT/RT)
- host: Battle.net
- saver: SeaDawgs.
map: GolemsInTheMist
- players: 8
- length: 44:45
- speed: Fast
- version: 1.26 W3XP
- replay type: Public
» download(267 KB)
Players
team 1 (winner)

»
sapper (
yellow | 42 APM | 759 actions | 18:02)
3 Mountain King
2 Storm Bolt
1 Bash
2 Paladin
1 Holy Light
1 Divine Shield
» actions
| Build / train | 64 | |
| Enter build submenu | 23 | |
| Enter hero's abilities submenu | 5 | |
| Right click | 352 | |
| Select / deselect | 240 | |
| Use ability | 75 | |
759 total
» units
| Peasant | 19 | |
| Footman | 7 | |
| Goblin Shredder | 3 | |
| Gryphon Rider | 3 | |
32 total
» upgrades
| Storm Hammers | 1 | |
| Animal War Training | 1 | |
| Masonry | 1 | |
| Swords | 1 | |
| Plating | 1 | |
5 total
» buildings
| Lumber Mill | 1 | |
| Farm | 11 | |
| Barracks | 2 | |
| Altar of Kings | 1 | |
| Scout Tower | 12 | |
| Arcane Tower | 2 | |
| Arcane Vault | 1 | |
| Town Hall | 5 | |
| Keep | 6 | |
| Guard Tower | 3 | |
| Castle | 1 | |
| Blacksmith | 1 | |
| Gryphon Aviary | 2 | |
48 total
» build order
00:22 Lumber Mill
00:36 Farm
00:52 Barracks
01:09 Altar of Kings
01:23 Farm
01:25 Farm
01:26 Farm
02:14 Farm
02:14 Farm
02:21 Scout Tower
02:49 Arcane Tower
03:34 Arcane Vault
04:19 Town Hall
04:23 Scout Tower
04:24 Scout Tower
04:26 Scout Tower
04:27 Scout Tower
04:41 Keep
04:41 Keep
04:41 Keep
04:52 Guard Tower
04:59 Arcane Tower
05:38 Guard Tower
07:16 Castle
07:21 Farm
08:12 Blacksmith
09:15 Gryphon Aviary
09:48 Gryphon Aviary
10:55 Town Hall
12:21 Farm
12:23 Farm
12:23 Farm
12:25 Farm
13:50 Town Hall
14:29 Scout Tower
14:30 Scout Tower
14:31 Scout Tower
14:31 Scout Tower
14:32 Scout Tower
14:38 Scout Tower
14:40 Scout Tower
14:52 Keep
15:35 Guard Tower
15:47 Barracks
17:24 Town Hall
17:34 Town Hall
» items
| Scroll of Regeneration | 4 | |
| Lesser Clarity Potion | 4 | |
8 total
SeaDawgs. (
orange | 87 APM | 3874 actions | 44:45)
6 Archmage
3 Summon Water Elemental
2 Brilliance Aura
1 Mass Teleport
» actions
| Assign group hotkey | 92 | |
| Basic commands | 155 | |
| Build / train | 336 | |
| ESC pressed | 6 | |
| Enter build submenu | 101 | |
| Enter hero's abilities submenu | 6 | |
| Give item / drop item | 6 | |
| Right click | 1398 | |
| Select / deselect | 685 | |
| Select group hotkey | 630 | |
| Use ability | 459 | |
3874 total
» units
| Peasant | 27 | |
| Footman | 7 | |
| Goblin Shredder | 5 | |
| Goblin Zeppelin | 7 | |
| Goblin Sapper | 7 | |
| Dragonhawk Rider | 3 | |
| Mortar Team | 10 | |
66 total
» upgrades
| Defend | 1 | |
| Masonry | 4 | |
| Gunpowder | 3 | |
| Lumber Harvesting | 1 | |
| Fragmentation Shards | 1 | |
| Armor | 3 | |
| Flak Cannons | 1 | |
| Animal War Training | 1 | |
| Cloud | 1 | |
16 total
» buildings
| Altar of Kings | 2 | |
| Barracks | 2 | |
| Farm | 17 | |
| Arcane Vault | 1 | |
| Keep | 8 | |
| Lumber Mill | 4 | |
| Town Hall | 6 | |
| Scout Tower | 60 | |
| Guard Tower | 122 | |
| Gryphon Aviary | 2 | |
| Blacksmith | 1 | |
| Castle | 4 | |
| Workshop | 2 | |
| Cannon Tower | 42 | |
273 total
» build order
00:44 Altar of Kings
00:45 Barracks
00:48 Barracks
00:53 Farm
01:07 Farm
01:14 Farm
02:14 Farm
02:18 Arcane Vault
03:05 Farm
04:07 Farm
04:35 Keep
04:36 Keep
06:00 Lumber Mill
06:05 Lumber Mill
08:52 Town Hall
09:11 Scout Tower
09:12 Scout Tower
09:13 Scout Tower
09:15 Scout Tower
09:16 Scout Tower
09:18 Scout Tower
09:52 Guard Tower
09:53 Guard Tower
09:54 Guard Tower
09:55 Guard Tower
09:55 Guard Tower
10:20 Scout Tower
10:21 Scout Tower
10:21 Scout Tower
10:22 Scout Tower
10:24 Scout Tower
10:25 Scout Tower
10:55 Guard Tower
10:55 Guard Tower
10:59 Guard Tower
10:59 Guard Tower
11:31 Guard Tower
11:31 Guard Tower
11:39 Guard Tower
11:39 Guard Tower
11:50 Guard Tower
11:50 Guard Tower
12:10 Scout Tower
12:11 Scout Tower
12:12 Scout Tower
13:03 Town Hall
13:06 Scout Tower
13:07 Scout Tower
13:08 Scout Tower
13:09 Scout Tower
13:38 Guard Tower
13:38 Guard Tower
13:38 Guard Tower
13:39 Guard Tower
13:40 Guard Tower
13:40 Guard Tower
13:40 Guard Tower
13:40 Guard Tower
13:42 Scout Tower
13:43 Scout Tower
13:44 Scout Tower
13:45 Scout Tower
13:46 Scout Tower
13:47 Scout Tower
13:49 Scout Tower
14:10 Guard Tower
14:10 Guard Tower
14:10 Guard Tower
14:16 Guard Tower
14:16 Guard Tower
15:38 Altar of Kings
15:42 Gryphon Aviary
15:43 Gryphon Aviary
15:47 Blacksmith
16:16 Guard Tower
16:16 Guard Tower
16:35 Town Hall
16:48 Guard Tower
16:48 Guard Tower
16:49 Guard Tower
16:49 Guard Tower
16:49 Guard Tower
16:49 Guard Tower
17:14 Town Hall
17:44 Castle
17:45 Castle
17:45 Castle
17:47 Scout Tower
17:48 Scout Tower
17:49 Scout Tower
17:50 Scout Tower
17:53 Scout Tower
18:15 Workshop
18:16 Workshop
18:21 Scout Tower
18:25 Scout Tower
18:38 Guard Tower
18:38 Guard Tower
18:38 Guard Tower
18:39 Keep
18:40 Keep
18:40 Keep
18:44 Scout Tower
18:45 Scout Tower
18:45 Scout Tower
18:46 Scout Tower
18:49 Scout Tower
18:53 Scout Tower
19:11 Lumber Mill
19:28 Guard Tower
19:28 Guard Tower
19:28 Guard Tower
19:54 Cannon Tower
19:54 Cannon Tower
19:54 Cannon Tower
19:54 Cannon Tower
19:55 Cannon Tower
19:57 Cannon Tower
19:57 Cannon Tower
19:58 Cannon Tower
19:58 Cannon Tower
19:59 Cannon Tower
20:02 Cannon Tower
20:02 Cannon Tower
20:04 Cannon Tower
20:04 Cannon Tower
20:13 Guard Tower
20:13 Guard Tower
20:13 Guard Tower
20:15 Cannon Tower
20:16 Cannon Tower
20:42 Guard Tower
20:43 Guard Tower
20:43 Guard Tower
20:43 Guard Tower
20:44 Guard Tower
20:51 Scout Tower
20:53 Scout Tower
20:57 Scout Tower
20:59 Scout Tower
21:07 Scout Tower
21:26 Guard Tower
21:26 Guard Tower
21:29 Guard Tower
21:29 Guard Tower
21:31 Scout Tower
21:36 Farm
21:40 Farm
21:46 Guard Tower
21:46 Guard Tower
21:49 Guard Tower
21:49 Guard Tower
21:53 Scout Tower
21:59 Guard Tower
21:59 Guard Tower
22:31 Cannon Tower
22:31 Cannon Tower
22:31 Cannon Tower
22:32 Guard Tower
22:32 Guard Tower
22:32 Guard Tower
22:49 Scout Tower
22:50 Scout Tower
22:50 Scout Tower
22:53 Guard Tower
22:53 Guard Tower
22:54 Farm
22:57 Farm
23:11 Cannon Tower
23:11 Cannon Tower
23:12 Cannon Tower
23:12 Cannon Tower
23:12 Cannon Tower
23:20 Guard Tower
23:20 Guard Tower
23:20 Guard Tower
23:20 Guard Tower
23:21 Guard Tower
23:21 Guard Tower
23:21 Guard Tower
23:22 Farm
23:24 Farm
23:26 Farm
23:28 Farm
23:30 Farm
23:33 Farm
23:43 Guard Tower
23:43 Guard Tower
23:43 Guard Tower
23:49 Guard Tower
23:49 Guard Tower
24:03 Farm
26:26 Cannon Tower
26:26 Cannon Tower
26:43 Cannon Tower
26:43 Cannon Tower
26:45 Guard Tower
26:45 Guard Tower
27:09 Scout Tower
27:10 Scout Tower
27:10 Scout Tower
27:11 Scout Tower
27:12 Scout Tower
27:31 Scout Tower
27:32 Scout Tower
28:06 Guard Tower
28:07 Guard Tower
28:07 Guard Tower
30:15 Lumber Mill
32:20 Town Hall
32:44 Guard Tower
37:12 Guard Tower
42:41 Town Hall
42:44 Scout Tower
42:45 Scout Tower
42:46 Scout Tower
42:47 Scout Tower
» items
| Scroll of Regeneration | 4 | |
| Scroll of Town Portal | 4 | |
| Ivory Tower | 36 | |
| Mechanical Critter | 4 | |
| Potion of Healing | 2 | |
| Staff of Sanctuary | 1 | |
51 total
PATS-44-SEA-0 (
teal | 61 APM | 2725 actions | 44:43)
5 Blood Mage
3 Flame Strike
2 Banish
» actions
| Assign group hotkey | 125 | |
| Basic commands | 17 | |
| Build / train | 84 | |
| Enter build submenu | 23 | |
| Enter hero's abilities submenu | 5 | |
| Give item / drop item | 2 | |
| Right click | 1114 | |
| Select / deselect | 314 | |
| Select group hotkey | 883 | |
| Use ability | 158 | |
2725 total
» units
| Peasant | 13 | |
| Goblin Shredder | 4 | |
| Dragonhawk Rider | 1 | |
| Gryphon Rider | 4 | |
| Mortar Team | 3 | |
| Goblin Zeppelin | 2 | |
27 total
» upgrades
| Masonry | 3 | |
| Swords | 2 | |
| Armor | 2 | |
| Cloud | 1 | |
| Storm Hammers | 1 | |
| Gunpowder | 2 | |
| Flare | 1 | |
| Fragmentation Shards | 1 | |
13 total
» buildings
| Altar of Kings | 1 | |
| Farm | 12 | |
| Lumber Mill | 1 | |
| Scout Tower | 14 | |
| Arcane Vault | 1 | |
| Arcane Tower | 1 | |
| Town Hall | 1 | |
| Guard Tower | 15 | |
| Keep | 1 | |
| Castle | 2 | |
| Gryphon Aviary | 3 | |
| Blacksmith | 1 | |
| Workshop | 3 | |
56 total
» build order
00:10 Altar of Kings
00:23 Farm
00:45 Lumber Mill
01:09 Farm
01:20 Scout Tower
01:31 Arcane Vault
01:49 Arcane Tower
02:07 Farm
02:50 Scout Tower
03:35 Town Hall
03:38 Scout Tower
03:38 Scout Tower
05:12 Farm
05:32 Guard Tower
05:43 Keep
05:46 Guard Tower
06:00 Guard Tower
06:01 Guard Tower
06:06 Scout Tower
06:07 Scout Tower
06:15 Scout Tower
06:15 Scout Tower
06:56 Guard Tower
06:56 Guard Tower
06:58 Scout Tower
06:58 Scout Tower
07:07 Scout Tower
07:07 Scout Tower
07:27 Guard Tower
07:28 Guard Tower
07:34 Guard Tower
07:41 Farm
07:42 Farm
07:47 Guard Tower
07:48 Guard Tower
07:51 Scout Tower
07:52 Scout Tower
08:12 Guard Tower
08:27 Castle
08:29 Guard Tower
09:06 Gryphon Aviary
09:06 Gryphon Aviary
09:08 Gryphon Aviary
09:11 Blacksmith
11:55 Farm
11:55 Farm
11:57 Farm
11:59 Farm
11:59 Farm
12:00 Farm
14:43 Workshop
14:44 Workshop
14:47 Workshop
» items
| Scroll of Regeneration | 8 | |
| Lesser Clarity Potion | 2 | |
| Potion of Mana | 1 | |
| Scroll of Town Portal | 6 | |
| Staff of Sanctuary | 1 | |
18 total
Walter_White (
red | 29 APM | 234 actions | 08:00)
1 Death Knight
1 Death Coil
» actions
| Basic commands | 5 | |
| Build / train | 16 | |
| Enter build submenu | 8 | |
| Enter hero's abilities submenu | 1 | |
| Right click | 153 | |
| Select / deselect | 34 | |
| Use ability | 17 | |
234 total
» units
| Acolyte | 3 | |
| Ghoul | 5 | |
| Goblin Shredder | 2 | |
10 total
» buildings
| Graveyard | 1 | |
| Tomb of Relics | 1 | |
| Altar of Darkness | 1 | |
| Crypt | 1 | |
| Ziggurat | 4 | |
| Nerubian Tower | 1 | |
| Spirit Tower | 1 | |
10 total
» build order
00:36 Graveyard
00:44 Tomb of Relics
00:55 Altar of Darkness
01:00 Crypt
01:18 Ziggurat
01:56 Ziggurat
02:32 Ziggurat
02:56 Nerubian Tower
03:01 Ziggurat
07:42 Spirit Tower
» items
team 2 (loser)

»
Quu (
purple | 86 APM | 2538 actions | 29:23)
3 Mountain King
2 Storm Bolt
1 Bash
3 Paladin
2 Holy Light
1 Divine Shield
» actions
| Assign group hotkey | 25 | |
| Basic commands | 179 | |
| Build / train | 88 | |
| ESC pressed | 2 | |
| Enter build submenu | 48 | |
| Enter hero's abilities submenu | 6 | |
| Give item / drop item | 2 | |
| Right click | 826 | |
| Select / deselect | 276 | |
| Select group hotkey | 993 | |
| Use ability | 93 | |
2538 total
» units
| Peasant | 24 | |
| Footman | 6 | |
| Siege Engine | 7 | |
| Knight | 2 | |
| Mortar Team | 3 | |
42 total
» upgrades
| Defend | 1 | |
| Masonry | 4 | |
| Plating | 2 | |
| Lumber Harvesting | 2 | |
| Gunpowder | 2 | |
| Animal War Training | 1 | |
| Barrage | 1 | |
| Fragmentation Shards | 1 | |
| Flare | 2 | |
16 total
» buildings
| Altar of Kings | 1 | |
| Farm | 10 | |
| Barracks | 2 | |
| Lumber Mill | 1 | |
| Scout Tower | 10 | |
| Arcane Tower | 2 | |
| Town Hall | 4 | |
| Keep | 1 | |
| Arcane Vault | 2 | |
| Blacksmith | 1 | |
| Guard Tower | 6 | |
| Castle | 1 | |
| Workshop | 4 | |
45 total
» build order
00:13 Altar of Kings
00:23 Farm
00:38 Barracks
00:40 Barracks
00:58 Farm
01:41 Farm
02:17 Lumber Mill
02:36 Farm
03:10 Scout Tower
03:35 Arcane Tower
04:49 Town Hall
04:57 Town Hall
05:05 Keep
05:08 Arcane Vault
05:20 Scout Tower
05:23 Scout Tower
05:42 Blacksmith
05:53 Arcane Tower
06:28 Guard Tower
07:20 Arcane Vault
07:23 Scout Tower
07:58 Castle
08:12 Guard Tower
08:17 Scout Tower
09:05 Guard Tower
09:11 Workshop
09:13 Workshop
09:49 Workshop
10:28 Workshop
10:32 Farm
10:33 Farm
10:34 Farm
11:31 Farm
13:06 Farm
14:21 Farm
16:37 Scout Tower
16:40 Scout Tower
17:03 Scout Tower
18:28 Guard Tower
18:31 Scout Tower
18:32 Scout Tower
18:37 Guard Tower
20:03 Guard Tower
21:18 Town Hall
23:36 Town Hall
» items
| Scroll of Regeneration | 2 | |
| Scroll of Town Portal | 4 | |
| Lesser Clarity Potion | 2 | |
| Potion of Mana | 2 | |
| Orb of Lightning | 1 | |
| Scroll of Speed | 1 | |
12 total
Newbs- (
pink | 37 APM | 1532 actions | 41:01)
6 Tauren Chieftain
2 War Stomp
3 Endurance Aura
1 Reincarnation
» actions
| Basic commands | 62 | |
| Build / train | 105 | |
| Enter build submenu | 30 | |
| Enter hero's abilities submenu | 6 | |
| Give item / drop item | 1 | |
| Remove unit from queue | 2 | |
| Right click | 747 | |
| Select / deselect | 491 | |
| Use ability | 88 | |
1532 total
» units
| Peon | 20 | |
| Shaman | 5 | |
| Raider | 15 | |
| Troll Batrider | 22 | |
| Demolisher | 7 | |
69 total
» upgrades
| Melee Weapons | 3 | |
| Armor | 3 | |
| Shaman Training | 2 | |
| Pillage | 1 | |
| Ensnare | 1 | |
| Reinforced Defenses | 1 | |
| Liquid Fire | 1 | |
| Ranged Weapons | 1 | |
| Burning Oil | 1 | |
14 total
» buildings
| Altar of Storms | 1 | |
| Orc Burrow | 7 | |
| War Mill | 1 | |
| Voodoo Lounge | 1 | |
| Watch Tower | 5 | |
| Stronghold | 4 | |
| Fortress | 1 | |
| Spirit Lodge | 1 | |
| Beastiary | 3 | |
| Tauren Totem | 1 | |
| Great Hall | 5 | |
| Barracks | 3 | |
33 total
» build order
00:22 Altar of Storms
00:38 Orc Burrow
00:54 War Mill
01:28 Voodoo Lounge
01:35 Orc Burrow
02:24 Watch Tower
03:00 Stronghold
03:00 Stronghold
03:01 Stronghold
03:30 Orc Burrow
04:29 Orc Burrow
05:23 Fortress
05:24 Spirit Lodge
06:51 Beastiary
06:52 Beastiary
11:25 Orc Burrow
11:28 Orc Burrow
11:31 Orc Burrow
12:07 Watch Tower
12:07 Watch Tower
12:09 Watch Tower
12:13 Watch Tower
12:41 Tauren Totem
14:20 Beastiary
21:16 Great Hall
23:41 Great Hall
27:56 Great Hall
29:03 Barracks
29:04 Barracks
29:16 Barracks
30:29 Great Hall
34:32 Great Hall
» items
| Healing Salve | 3 | |
| Orb of Lightning | 1 | |
| Scroll of Town Portal | 1 | |
| Lesser Clarity Potion | 1 | |
| Scroll of Speed | 2 | |
8 total
ScumDawg (
blue | 50 APM | 2218 actions | 44:43)
5 Blademaster
3 Wind Walk
2 Critical Strike
» actions
| Assign group hotkey | 173 | |
| Basic commands | 205 | |
| Build / train | 88 | |
| Enter build submenu | 47 | |
| Enter hero's abilities submenu | 6 | |
| Give item / drop item | 6 | |
| Remove unit from queue | 1 | |
| Right click | 796 | |
| Select / deselect | 416 | |
| Select group hotkey | 247 | |
| Use ability | 233 | |
2218 total
» units
| Peon | 13 | |
| Grunt | 7 | |
| Goblin Shredder | 1 | |
| Goblin Zeppelin | 4 | |
| Goblin Sapper | 29 | |
| Wind Rider | 5 | |
59 total
» upgrades
| Ranged Weapons | 3 | |
| Armor | 3 | |
| Reinforced Defenses | 1 | |
| Pillage | 1 | |
| Envenomed Spears | 1 | |
| Burning Oil | 1 | |
| Troll Regeneration | 1 | |
11 total
» buildings
| Orc Burrow | 7 | |
| Altar of Storms | 1 | |
| Barracks | 1 | |
| Voodoo Lounge | 2 | |
| Stronghold | 1 | |
| War Mill | 2 | |
| Fortress | 1 | |
| Great Hall | 3 | |
| Watch Tower | 38 | |
| Beastiary | 6 | |
62 total
» build order
00:12 Orc Burrow
00:50 Altar of Storms
00:52 Barracks
01:07 Orc Burrow
01:35 Voodoo Lounge
02:49 Stronghold
03:31 Orc Burrow
04:33 War Mill
04:42 Orc Burrow
05:52 Fortress
06:30 Great Hall
08:23 Watch Tower
08:24 Watch Tower
08:25 Watch Tower
08:25 Watch Tower
09:57 War Mill
12:53 Great Hall
12:55 Watch Tower
12:56 Watch Tower
12:57 Watch Tower
12:59 Watch Tower
13:00 Watch Tower
13:00 Watch Tower
13:01 Watch Tower
13:02 Watch Tower
13:03 Watch Tower
13:21 Beastiary
13:22 Beastiary
13:22 Beastiary
13:24 Beastiary
14:20 Great Hall
14:40 Voodoo Lounge
14:57 Watch Tower
14:58 Watch Tower
14:59 Watch Tower
15:01 Watch Tower
15:02 Watch Tower
15:03 Watch Tower
15:08 Watch Tower
15:09 Watch Tower
15:10 Watch Tower
15:11 Watch Tower
15:12 Watch Tower
15:13 Watch Tower
15:26 Beastiary
15:36 Beastiary
17:03 Watch Tower
17:04 Watch Tower
17:04 Watch Tower
17:05 Watch Tower
17:14 Watch Tower
17:15 Watch Tower
17:16 Watch Tower
20:49 Watch Tower
20:50 Watch Tower
20:51 Watch Tower
20:52 Watch Tower
20:53 Watch Tower
20:54 Watch Tower
26:01 Orc Burrow
26:03 Orc Burrow
26:07 Orc Burrow
» items
| Healing Salve | 6 | |
| Orb of Lightning | 1 | |
| Potion of Healing | 2 | |
9 total

»
tomha (
green | 41 APM | 1806 actions | 44:08)
7 Blademaster
1 Wind Walk
3 Critical Strike
2 Mirror Image
1 Bladestorm
1 Mountain King
1 Thunder Clap
» actions
| Assign group hotkey | 23 | |
| Basic commands | 14 | |
| Build / train | 74 | |
| Enter build submenu | 73 | |
| Enter hero's abilities submenu | 8 | |
| Give item / drop item | 3 | |
| Right click | 941 | |
| Select / deselect | 461 | |
| Select group hotkey | 75 | |
| Use ability | 134 | |
1806 total
» units
| Peon | 9 | |
| Grunt | 3 | |
| Troll Headhunter/Berserker | 5 | |
| Wind Rider | 20 | |
| Goblin Shredder | 2 | |
| Goblin Zeppelin | 1 | |
40 total
» upgrades
| Spiked Barricades | 2 | |
| Ranged Weapons | 2 | |
| Troll Regeneration | 1 | |
| Envenomed Spears | 1 | |
| Melee Weapons | 1 | |
| Armor | 1 | |
8 total
» buildings
| Orc Burrow | 14 | |
| Altar of Storms | 1 | |
| Barracks | 1 | |
| Voodoo Lounge | 2 | |
| War Mill | 1 | |
| Stronghold | 1 | |
| Watch Tower | 43 | |
| Fortress | 1 | |
| Beastiary | 3 | |
| Great Hall | 4 | |
71 total
» build order
00:23 Orc Burrow
00:37 Altar of Storms
00:53 Barracks
01:34 Orc Burrow
01:55 Voodoo Lounge
02:50 War Mill
03:38 Orc Burrow
04:11 Stronghold
04:31 Watch Tower
05:20 Orc Burrow
05:31 Orc Burrow
05:46 Watch Tower
06:31 Orc Burrow
07:21 Fortress
07:25 Beastiary
07:47 Beastiary
07:54 Orc Burrow
08:36 Beastiary
08:52 Watch Tower
09:15 Orc Burrow
12:07 Watch Tower
12:15 Watch Tower
13:27 Watch Tower
13:36 Orc Burrow
14:25 Watch Tower
14:32 Watch Tower
14:40 Voodoo Lounge
15:30 Watch Tower
15:40 Watch Tower
15:49 Watch Tower
16:17 Watch Tower
16:49 Watch Tower
16:51 Watch Tower
16:56 Orc Burrow
17:58 Watch Tower
18:03 Watch Tower
18:05 Watch Tower
18:10 Watch Tower
19:10 Watch Tower
19:13 Watch Tower
19:24 Watch Tower
19:53 Watch Tower
22:11 Great Hall
22:29 Watch Tower
23:07 Watch Tower
23:10 Watch Tower
23:17 Watch Tower
23:39 Watch Tower
25:49 Orc Burrow
25:52 Orc Burrow
25:54 Orc Burrow
26:06 Orc Burrow
27:38 Watch Tower
27:41 Watch Tower
29:21 Great Hall
29:23 Watch Tower
29:25 Watch Tower
29:46 Watch Tower
30:07 Watch Tower
30:12 Watch Tower
30:38 Great Hall
30:57 Watch Tower
31:00 Watch Tower
31:05 Watch Tower
31:29 Watch Tower
31:50 Watch Tower
32:06 Watch Tower
32:21 Watch Tower
32:26 Watch Tower
32:34 Watch Tower
37:09 Great Hall
» items
| Healing Salve | 6 | |
| Tiny Great Hall | 1 | |
| Potion of Healing | 2 | |
| Orb of Lightning | 1 | |
| Scroll of Town Portal | 3 | |
| Lesser Clarity Potion | 1 | |
14 total
Chat log
(00:10 / Allies) Walter_White: 100g please
(00:18 / Allies) Walter_White: ty
(00:19 / Allies) PATS-44-SEA-0: bloodmage here gonna expo
(01:01 / All) PATS-44-SEA-0: any good porn on netflix
(01:39 / All) PATS-44-SEA-0: talkative chaps
(01:41 / All) PATS-44-SEA-0: arent we
(01:50 / All) Walter_White: on internet yesd type in search lustfull secreatary
(02:07 / All) Walter_White: li
(02:27 / All) Walter_White: lustful secretary really good asian prn porn
(02:38 / All) PATS-44-SEA-0: its legal right
(02:43 / All) ScumDawg: that was on his clipboard
(02:48 / All) Walter_White: yes
(03:00 / All) ScumDawg: you a freak boi
(03:39 / Allies) SeaDawgs.: trying to jack my shredder?
(03:50 / Allies) Walter_White: wtf ass
(03:56 / Allies) PATS-44-SEA-0: let him have it oj
(03:59 / Allies) SeaDawgs.: I crept this
(04:01 / Allies) PATS-44-SEA-0: i mean
(04:01 / Allies) PATS-44-SEA-0: red
(04:02 / Allies) SeaDawgs.: why the hell should he get it
(05:09 / Allies) Walter_White: team killing
(05:19 / All) Walter_White: gg team killinmg
(05:20 / Allies) SeaDawgs.: why, because I got the shredder from a camp I crept?
(05:23 / Allies) PATS-44-SEA-0: red knock it off
(05:24 / All) SeaDawgs.: whiny little bitch
(05:25 / Allies) sapper: i can give u wood in a bit chill
(05:33 / Allies) SeaDawgs.: I'll give you wood
(05:35 / All) Walter_White: sefinte fgre win
(05:38 / Allies) SeaDawgs.: but if you tk then I have no reason to
(05:42 / All) Walter_White: definite free win'
(05:46 / All) SeaDawgs.: sigh
(06:05 / Allies) sapper: help pls
(06:26 / Allies) SeaDawgs.: crybaby red trying to tk me
(06:27 / Allies) SeaDawgs.: SIGH
(06:41 / Allies) sapper: god i hate lil kids
(06:59 / Allies) SeaDawgs.: I do too
(07:01 / Allies) SeaDawgs.: fucking bitch red
(07:25 / All) SeaDawgs.: I don't get why people are being like this lately
(07:33 / All) ScumDawg: what happen
(07:37 / All) Newbs-: too much koolaid
(07:40 / All) sapper: they 12 years old
(07:45 / All) sapper: crying about shredder
(07:53 / All) SeaDawgs.: I kept the goblin lab
(07:55 / All) sapper: even though i said id pool wood
(07:57 / All) SeaDawgs.: completely on my own, 0 help from red
(08:01 / All) SeaDawgs.: he feels entitled to the shredder anyway
(08:03 / All) SeaDawgs.: and tried to tk me
(12:43 / Allies) PATS-44-SEA-0: should i tp to oj?
(12:51 / Allies) PATS-44-SEA-0: coming yellow
(12:55 / Allies) SeaDawgs.: no one at my base
(14:25 / Allies) PATS-44-SEA-0: can i burrow green?
(17:06 / Allies) sapper: u guys gonna do anything?
(17:39 / Allies) SeaDawgs.: not if I get tanked
(17:53 / Allies) sapper: u went griffs too lols
(19:25 / Allies) SeaDawgs.: nothing I can do
(25:23 / Allies) SeaDawgs.: wood me if you have any
(25:40 / Allies) SeaDawgs.: nice ty
(26:35 / All) PATS-44-SEA-0: dare u to hit
(27:03 / All) SeaDawgs.: free mk!!!!
(27:58 / Allies) PATS-44-SEA-0: sorc one?
(28:43 / Allies) PATS-44-SEA-0: safe for me to hit their top expos
(29:31 / All) SeaDawgs.: I dare you all to hit my main
(29:33 / All) SeaDawgs.: double dare
(31:04 / All) PATS-44-SEA-0: i recon pink maphacks
(33:19 / All) PATS-44-SEA-0: lalw
(41:15 / All) SeaDawgs.: This was a close game
(41:31 / All) ScumDawg: pruple made it easy
(41:35 / All) SeaDawgs.: my base was impenetrable, they didn't try to get it
(41:35 / All) ScumDawg: by leaving like a bitch
(44:08 / All) ScumDawg: wrong base to tp to lol
(44:19 / All) PATS-44-SEA-0: lawl
(44:21 / All) PATS-44-SEA-0: wut a game
(44:26 / All) ScumDawg: want red to lose?
(44:34 / All) SeaDawgs.: nah
(44:36 / All) ScumDawg: or me team, which is 3 legit
(44:36 / All) SeaDawgs.: he was just a moron
(44:38 / All) PATS-44-SEA-0: up 2u
(44:39 / All) SeaDawgs.: your team is 3 legit
(44:42 / All) ScumDawg: Aight